Map: Ruby Rock LE

Players

KolyanExe

  • Race: Zerg Zerg
  • League: Master
  • Spawn Location: 5:00

HoldTheDoor - Winner!

  • Race: Protoss Protoss
  • League: Diamond
  • Spawn Location: 11:00

VOD

Have the link to the VOD?

Description

Time

  • Played on: May 3, 2026, 12:50 p.m.
  • Length: 10:15
Show
View Real Time Build Order
Export as new Build Order

KolyanExe Zerg 

Build Orders: Hatch First 

Get SALT Encoding   

  12  0:00  Drone  
  13  0:11  Drone  
  14  0:18  Overlord  
  14  0:37  Drone x3  
  17  0:51  Hatchery  
  16  1:07  Drone  
  16  1:08  Drone  
  18  1:13  Spawning Pool  
  18  1:18  Drone  
  18  1:28  Drone  
  18  1:30  Extractor  
  18  1:37  Drone  
  19  1:49  Drone  
  20  1:54  Drone  
  21  2:03  Queen x2  
  21  2:05  Overlord  
  21  2:08  Drone  
  26  2:17  Drone x2  
  28  2:28  Zergling x4  
  30  2:38  Drone x2  
  32  2:48  Metabolic Boost, Hatchery  
  31  2:53  Queen  
  33  3:01  Drone x2  
  33  3:02  Drone  
  36  3:06  Overlord  
  36  3:20  Overlord  
  36  3:44  Drone x6  
  42  3:50  Roach Warren, Extractor  
  42  3:52  Queen  
  42  3:53  Drone  
  43  4:00  Queen  
  43  4:02  Drone x2  
  47  4:03  Drone  
  48  4:15  Overlord x2  
  48  4:19  Extractor  
  48  4:21  Drone  
  48  4:22  Drone x2  
  50  4:25  Overlord x2  
  50  4:36  Roach x3  
  50  4:37  Roach x4  
  64  4:43  Drone  
  64  4:44  Drone  
  66  4:57  Roach x4  
  66  4:58  Roach x3  
  80  5:04  Lair  
  80  5:09  Drone x2  
  82  5:20  Spore Crawler  
  80  5:43  Hatchery  
  80  5:49  Spore Crawler  
  78  5:58  Overlord x2  
  78  5:59  Overlord  
  78  6:10  Overseer  
  78  6:11  Pneumatized Carapace  
  78  6:33  Roach x9  
  78  6:34  Roach x2  
  78  6:35  Overseer  
  78  6:37  Overlord  
  100  6:42  Evolution Chamber  
  100  6:43  Evolution Chamber  
  98  6:55  Hatchery  
  96  7:11  Glial Reconstitution  
  96  7:13  Zerg Missile Weapons Level 1, Zerg Ground Armor Level 1  
  96  7:15  Drone x4  
  99  7:16  Drone  
  99  7:17  Drone x4  
  99  7:19  Overlord x3  
  105  7:48  Overlord  
  105  7:49  Overlord x3  
  105  7:54  Roach x7  
  105  7:55  Roach x4  
  127  8:05  Drone x2  
  129  8:07  Overlord x2  
  129  8:08  Roach x3  
  135  8:20  Spire, Roach x3  
  135  8:21  Roach  
  135  8:22  Drone x2  
  135  8:24  Extractor  
  143  8:51  Roach x6  
  143  8:52  Zergling x8  
  143  8:53  Zergling x6  
  122  9:42  Roach  
  122  9:43  Roach x17  
Show
View Real Time Build Order
Export as new Build Order

HoldTheDoor Protoss - Winner!

Build Orders: 1 Gate Expand, Archon Immortal, Archon Drop, Dark Templar Rush 

Get SALT Encoding   

  12  0:00  Probe  
  13  0:12  Probe  
  14  0:20  Pylon  
  14  0:24  Probe  
  15  0:34  Probe  
  15  0:42  Probe, Gateway  
  16  0:49  Assimilator  
  17  0:52  Probe  
  18  1:04  Probe  
  19  1:23  Nexus  
  19  1:32  Cybernetics Core  
  19  1:36  Probe  
  20  1:44  Assimilator  
  20  1:48  Pylon  
  20  1:53  Probe  
  21  1:57  Stalker  
  21  2:05  Probe  
  24  2:17  Warp Gate  
  24  2:18  Probe  
  25  2:30  Probe, Gateway  
  25  2:32  Adept  
  25  2:35  Probe  
  29  2:42  Probe  
  30  2:47  Probe  
  30  2:48  Twilight Council  
  31  2:54  Probe  
  32  3:00  Probe  
  33  3:06  Probe  
  33  3:07  Robotics Facility  
  33  3:12  Probe  
  35  3:18  Probe  
  36  3:24  Probe  
  37  3:30  Probe  
  38  3:36  Probe  
  39  3:42  Probe  
  39  3:45  Assimilator  
  39  3:47  Dark Shrine  
  39  3:48  Warp Prism  
  40  3:51  Pylon  
  42  3:59  Pylon  
  42  4:02  Gateway  
  42  4:03  Gateway  
  42  4:05  Probe, Pylon  
  42  4:09  Probe  
  44  4:18  Probe  
  44  4:19  Forge  
  44  4:21  Probe  
  46  4:30  Probe  
  47  4:33  Probe  
  48  4:41  Pylon, Charge  
  48  4:44  Immortal  
  52  4:54  Probe x2  
  52  4:59  Dark Templar  
  56  5:00  Dark Templar  
  56  5:01  Dark Templar  
  60  5:08  Dark Templar  
  62  5:37  Probe  
  62  5:39  Protoss Ground Weapons Level 1  
  63  5:48  Gateway, Immortal  
  67  5:50  Gateway  
  67  5:53  Gateway  
  67  5:54  Nexus, Gateway  
  67  5:56  Pylon  
  67  5:57  Pylon  
  67  6:01  Probe x2  
  69  6:12  Archon x2  
  69  6:15  Probe x2  
  69  6:17  Zealot x4  
  79  6:25  Gateway  
  79  6:27  Probe, Gateway  
  79  6:30  Pylon  
  80  6:41  Pylon  
  80  6:42  Photon Cannon  
  80  6:43  Shield Battery  
  80  6:44  Pylon  
  80  6:45  Probe  
  81  6:50  Probe  
  82  6:57  Probe  
  83  7:10  Immortal  
  83  7:14  Gateway  
  83  7:15  Gateway, Probe x2  
  88  7:17  Probe  
  88  7:22  Assimilator, Protoss Ground Armor Level 1  
  90  7:24  Pylon  
  90  7:27  Probe x2, Pylon, Dark Templar  
  90  7:29  Dark Templar x3  
  100  7:30  Dark Templar x2  
  100  7:33  Archon x2  
  100  7:34  Archon  
  100  7:35  Zealot x2  
  108  7:38  Zealot  
  108  7:41  Zealot  
  108  7:42  Probe  
  113  7:53  Photon Cannon, Pylon  
  113  7:57  Photon Cannon  
  113  7:59  Photon Cannon  
  113  8:00  Shield Battery  
  113  8:02  Pylon  
  113  8:08  Observer  
  113  8:19  Zealot x5  
  124  8:22  Immortal  
  124  8:23  Photon Cannon  
  128  8:27  Pylon  
  128  8:29  Pylon  
  128  8:30  Shield Battery  
  128  8:32  Shield Battery  
  128  8:34  Photon Cannon  
  128  8:49  Zealot x5  
  128  8:50  Zealot x2  
  142  9:00  Photon Cannon  
  142  9:01  Pylon  
  142  9:04  Pylon, Shield Battery  
  142  9:13  Zealot x5  
  142  9:14  Zealot  
  150  9:35  Zealot x4  
  150  9:36  Zealot x5  
  144  9:45  Zealot x3  
  124  9:55  Zealot  
  124  9:56  Zealot x4  
  124  9:57  Zealot  
Tags
 
Add a new tag
Caveats
  • Supply blocks, unpowered buildings, or Contaminate may cause inaccurate times.
  • Supply counts are checked every 10 seconds.